AoeStats
← Olfrombox

Black Forest

506895603Analyzed
2v2 RM · 15d ago on Sep 15, 2026· 84m 44s· 4 players
Game mode
Random Map
Map size
Medium (4 player)
Population
200
Speed
Normal
Resources
Standard
Victory
Conquest
Starting age
Dark Age
Ending age
Imperial Age
RankedLock teamsTeams togetherTeam positionsShared explorationLock speedFull tech treeHidden civsTurbo modeCheats
Victory
Defeat
🇪🇸 Romans · Spain
690
+15
🇪🇸 Byzantines · Spain
584
+19
🇬🇧 Vietnamese · United Kingdom
760
-21
🇬🇧 Persians · United Kingdom
564
-13
JulesMan1706
0:32 Loom
12:09 Feudal Age
12:59 Double-Bit Axe
13:53 Wheelbarrow
14:49 Town Watch
16:50 Horse Collar
19:45 Gold Mining
23:03 Castle Age
21:20 Fletching
21:38 Stone Mining
24:04 Hand Cart
24:01 Bow Saw
23:53 Heavy Plow
27:02 Town Patrol
29:28 Fortified Wall
28:59 Crossbowman
29:52 Scale Mail Armor
29:19 Pikeman
31:51 Padded Archer Armor
32:51 Gold Shaft Mining
37:00 Imperial Age
34:49 Pikeman
35:29 Squires
35:52 Bloodlines
35:43 Husbandry
35:07 Light Cavalry
36:07 Caravan
37:03 Ballistas
37:17 Scale Barding Armor
37:27 Chain Mail Armor
38:03 Conscription
37:48 Murder Holes
38:14 Ballistics
39:19 Chain Barding Armor
39:16 Leather Archer Armor
38:26 Elite Skirmisher
40:44 Masonry
41:35 Chemistry
41:21 Halberdier
42:49 Crop Rotation
43:12 Forging
43:40 Plate Barding Armor
44:39 Comitatenses
44:38 Heavy Scorpion
48:46 Iron Casting
47:33 Elite Centurion
53:44 Blast Furnace
52:39 Bodkin Arrow
53:15 Ring Archer Armor
55:33 Fervor
57:11 Onager
77:03 Capped Ram
81:33 Man-at-Arms
82:55 Siege Ram
Nalim99892613
1:22 Loom
13:09 Feudal Age
15:37 Wheelbarrow
26:32 Castle Age
24:40 Fletching
27:03 Arson
27:18 Squires
26:39 Pikeman
28:11 Forging
28:02 Scale Mail Armor
30:59 Murder Holes
31:43 Iron Casting
31:24 Chain Mail Armor
35:09 Imperial Age
33:20 Fortified Wall
35:59 Hand Cart
36:35 Horse Collar
37:47 Double-Bit Axe
38:32 Caravan
40:28 Heavy Plow
40:43 Bow Saw
40:03 Halberdier
42:20 Chemistry
42:05 Elite Skirmisher
44:35 Conscription
49:41 Plate Mail Armor
49:07 Bodkin Arrow
73:14 Bracer
73:15 Padded Archer Armor
77:29 Two-Man Saw
77:07 Crop Rotation
Olfrombox
13:39 Feudal Age
21:20 Castle Age
29:17 Kamandaran
34:19 Imperial Age
34:32 Elite War Elephant
36:18 Crossbowman
37:15 Scale Barding Armor
37:13 Padded Archer Armor
41:02 Wheelbarrow
40:50 Caravan
41:49 Chain Barding Armor
41:40 Forging
41:46 Leather Archer Armor
47:34 Thumb Ring
47:25 Fletching
50:25 Ring Archer Armor
49:51 Bodkin Arrow
59:55 Hand Cart
60:13 Hand Cart
65:34 Plate Barding Armor
65:36 Iron Casting
65:06 Husbandry
65:17 Bloodlines
71:48 Blast Furnace
85:21 Parthian Tactics
84:18 Heavy Cavalry Archer
OMIchor
2:42 Loom
10:53 Feudal Age
12:10 Double-Bit Axe
18:24 Castle Age
18:35 Gold Mining
18:48 Fletching
19:03 Padded Archer Armor
22:11 Bow Saw
25:51 Elite Skirmisher
26:20 Horse Collar
30:03 Wheelbarrow
29:28 Bodkin Arrow
29:48 Leather Archer Armor
32:07 Thumb Ring
32:14 Bloodlines
32:28 Ballistics
32:35 Heavy Plow
33:18 Chatras
35:10 Hand Cart
35:26 Forging
35:22 Scale Barding Armor
36:03 Murder Holes
38:58 Imperial Age
39:27 Chain Barding Armor
39:43 Iron Casting
40:47 Ring Archer Armor
40:17 Bracer
40:53 Plate Barding Armor
39:44 Imperial Skirmisher
40:57 Crop Rotation
41:49 Two-Man Saw
41:59 Chemistry
41:20 Elite Battle Elephant
51:54 Pikeman
52:37 Scale Mail Armor
54:16 Halberdier
55:44 Halberdier
59:37 Paper Money
60:49 Chain Mail Armor
68:37 Squires
78:12 Chain Mail Armor
Connection lost

Rejoining the realm…

Still unreachable

The connection could not be restored.

Session expired

The server has moved on; the page needs a fresh start.